 Dungeon Sprint DCSS version 0.21-a0-47-g7c8f537 (webtiles) character file.

4091 Kidiri the Thaumaturge (level 10, -1/61 HPs)
             Began as a Deep Elf Fire Elementalist on June 8, 2017.
             Was the Champion of Vehumet.
             Slain by a killer bee (12 damage)
             ... in the Dungeon (Sprint III: "The Ten Rune Challenge").
             The game lasted 00:10:30 (1483 turns).

Kidiri the Thaumaturge (Deep Elf Fire Elementalist) Turns: 1483, Time: 00:10:30

Health: -1/61      AC:  3    Str:  5    XL:     10   Next: 5%
Magic:  7/30       EV: 19    Int: 28    God:    Vehumet [******]
Gold:   22         SH:  0    Dex: 17    Spells: 12/38 levels left

rFire    . . .     SeeInvis .   b - +0 dagger
rCold    . . .     Gourm    .   (no shield)
rNeg     . . .     Faith    .   j - +1 robe {MR+}
rPois    .         Spirit   .   (no helmet)
rElec    .         Reflect  .   (no cloak)
rCorr    .         Harm     .   (no gloves)
MR       ++...     Clarity  +   (no boots) Stlth ++........NoTele +
                                (no amulet)
Regen    0.2/turn               (no ring)
MPRegen  0.3/turn               (no ring)

@: no status effects
A: agile 1, clarity, clever 2
a: Renounce Religion


You were in the Dungeon.
You worshipped Vehumet.
Vehumet was exalted by your worship.
You were not hungry.

You visited 1 branch You collected 22 gold pieces.

Inventory:

Hand Weapons
 b - a +0 dagger (weapon)
Armour
 j - a +1 robe of magic resistance (worn)
Wands
 p - a wand of iceblast (11/15)
Scrolls
 i - a scroll of blinking
 k - a scroll of immolation
 l - 2 scrolls of fog
 m - 3 scrolls of remove curse
Potions
 d - 2 potions of curing
 f - a potion of haste
 g - 2 potions of magic
 h - a potion of berserk rage
 n - 4 potions of flight
 o - a potion of might
 r - a potion of brilliance
 s - 4 potions of mutation
Comestibles
 a - 8 chunks of flesh
 c - 2 bread rations
 q - a fruit
 t - a royal jelly


   Skills:
 + Level 6.5 Fighting
 + Level 6.8 Short Blades
 + Level 6.7 Armour
 + Level 9.9 Dodging
 - Level 2.4 Stealth
 * Level 14.5 Spellcasting
 + Level 9.1 Conjurations
 + Level 9.5 Fire Magic
 + Level 5.5 Air Magic
 + Level 6.1 Poison Magic


You had 12 spell levels left.
You knew the following spells:

 Your Spells              Type           Power        Failure   Level  Hunger
a - Flame Tongue          Conj/Fire      #####        1%          1    None
b - Throw Flame           Conj/Fire      ######       1%          2    None
c - Conjure Flame         Conj/Fire      ######..     1%          3    None
d - Inner Flame           Hex/Fire       #####...     1%          3    None
e - Ignite Poison         Fire/Tmut/Pois #####...     1%          3    None
f - Sticky Flame          Conj/Fire      ######..     1%          4    None
g - Fireball              Conj/Fire      ######....   1%          5    None
h - Mephitic Cloud        Conj/Pois/Air  ######..     1%          3    None
i - Searing Ray           Conj           ######       1%          2    None


Dungeon Overview and Level Annotations

Branches:
Dungeon (1/1)

Altars:
Cheibriados
Dithmenos
Elyvilon
Fedhas
Gozag
Hepliaklqana
Kikubaaqudgha
Makhleb
Nemelex Xobeh
Okawaru
Qazlal
Ru
Sif Muna
Trog
Uskayaw
Vehumet
Wu Jian
Xom
Yredelemnul
Zin
The Shining One
Beogh
Jiyva
Lugonu

Annotations:
D exclusion: door


Innate Abilities, Weirdness & Mutations

You are agile. (Dex +2)
You possess an exceptional clarity of mind.
Your mind is very acute. (Int +4)


Message History

There is an open door here.
The killer bee stings you. The killer bee misses you.
Things that are here:
a longbow; 23 arrows The killer bee barely misses you.
The killer bee misses you.
The killer bee buzzes angrily.
The killer bee barely misses you. x2
The killer bee misses you. The killer bee completely misses you.
The killer bee buzzes angrily. x2
There is an open door here.
Unknown command.
The killer bee stings you!
* * * LOW HITPOINT WARNING * * *
The killer bee completely misses you.
Unknown command.
The killer bee completely misses you. The killer bee misses you.
The killer bee barely misses you. The killer bee closely misses you.
Unknown command.
The killer bee stings you!
You die...

..#__.#)_# #+#+###+## .........#
⌠........# .)######'#
⌠.#__#...#+######################
..#__#...#..≈§≈§.#yy..yy.#.#.#.†%
###__#...#.#§§§#.#y#...##.#.#.##%
).#__#...'.#§§§#@#.#).)#.#.#.#.#
__#__+...#.#§§.#.y.#...##.#.#.##
▓▓▓▓▓▓▓▓▓▓▓▓▓▓▓▓▓▓▓▓▓▓▓#.#.#.#.#
##.#.#.## +.#.#.#.# ##.#.#.##
#+#####


You could see a killer bee (berserk).

Vanquished Creatures
  A centaur warrior (D)
  Erica (D)
  An unseen horror (D)
  A deep elf mage (D)
  A queen bee (D)
  A shadow (D)
  A spatial vortex (D)
  A necrophage (D)
  2 centaurs (D)
  An earth elemental (D)
  A water elemental (D)
  A scorpion (D)
  17 killer bees (D)
  A jelly (D)
  A wizard (D)
  A necromancer (D)
  3 humans (D)
  A kobold demonologist (D)
  4 rats (D)
41 creatures vanquished.

Vanquished Creatures (others)
  2 draconian scorchers (D)
  6 hellions (D)
  2 yaktaurs (D)
10 creatures vanquished.

Grand Total: 51 creatures vanquished

Notes
Turn   | Place    | Note
-------+----------+-------------------------------------------
     0 | D        | Kidiri the Deep Elf Fire Elementalist began the quest for the Orb.
     0 | D        | Reached XP level 1. HP: 10/10 MP: 6/6
    72 | D        | Killed a hellion
    77 | D        | Noticed a scorpion
    86 | D        | Killed a yaktaur
    91 | D        | Reached skill level 1 in Fighting
    91 | D        | Reached skill level 1 in Armour
    91 | D        | Reached skill level 4 in Spellcasting
    91 | D        | Reached XP level 2. HP: 16/16 MP: 0/9
    93 | D        | Killed a hellion
    95 | D        | Learned a level 2 spell: Throw Flame
    99 | D        | Killed a hellion
   100 | D        | Killed a hellion
   153 | D        | Killed a hellion
   163 | D        | Killed a white draconian scorcher
   179 | D        | Killed a white draconian scorcher
   180 | D        | Killed a scorpion
   180 | D        | Reached skill level 6 in Spellcasting
   180 | D        | Reached XP level 3. HP: 19/21 MP: 5/12
   180 | D        | Reached XP level 4. HP: 23/26 MP: 5/14
   185 | D        | Learned a level 3 spell: Conjure Flame
   189 | D        | Learned a level 3 spell: Inner Flame
   194 | D        | Learned a level 4 spell: Sticky Flame
   216 | D        | Gained mutation: Your mind is acute. (Int +2) [potion of mutation]
   216 | D        | Gained mutation: Your mind is very acute. (Int +4) [potion of mutation]
   216 | D        | Gained mutation: You are agile. (Dex +2) [potion of mutation]
   216 | D        | Gained mutation: You possess an exceptional clarity of mind. [potion of mutation]
   253 | D        | Killed a hellion
   305 | D        | Noticed a water elemental
   308 | D        | Killed a water elemental
   308 | D        | Reached skill level 5 in Dodging
   308 | D        | Reached skill level 7 in Spellcasting
   308 | D        | Reached skill level 5 in Fire Magic
   354 | D        | Found a radiant altar of Vehumet.
   355 | D        | Found a deep blue altar of Sif Muna.
   355 | D        | Found an ancient bone altar of Kikubaaqudgha.
   355 | D        | Noticed a wizard
   358 | D        | Killed a wizard
   358 | D        | Reached XP level 5. HP: 31/31 MP: 7/17
   361 | D        | Reached skill level 8 in Spellcasting
   371 | D        | Became a worshipper of Vehumet
   378 | D        | Learned a level 5 spell: Fireball
   598 | D        | Found a glowing silver altar of Zin.
   599 | D        | Found a glowing golden altar of the Shining One.
   599 | D        | Found a white marble altar of Elyvilon.
   599 | D        | Noticed a deep elf mage
   620 | D        | Killed a deep elf mage
   620 | D        | Reached skill level 10 in Spellcasting
   620 | D        | Reached XP level 6. HP: 27/38 MP: 7/21
   620 | D        | Reached XP level 7. HP: 30/43 MP: 7/23
   625 | D        | Learned a level 3 spell: Mephitic Cloud
   703 | D        | Killed a yaktaur
   710 | D        | Found an ornate altar of the Wu Jian Council.
   710 | D        | Found a roughly hewn altar of Beogh.
   710 | D        | Found an iron altar of Okawaru.
   710 | D        | Found a bloodstained altar of Trog.
   710 | D        | Found a hide-covered altar of Uskayaw.
   710 | D        | Noticed a human
   713 | D        | Noticed a human
   715 | D        | Killed a human
   715 | D        | Reached skill level 11 in Spellcasting
   715 | D        | Reached skill level 1 in Air Magic
   715 | D        | Reached skill level 1 in Poison Magic
   720 | D        | Killed a human
   720 | D        | Reached * piety under Vehumet
   720 | D        | Offered knowledge of Freeze by Vehumet.
   797 | D        | Found a basalt altar of Yredelemnul.
   797 | D        | Found a shadowy altar of Dithmenos.
   797 | D        | Found a sacrificial altar of Ru.
   803 | D        | Reached skill level 5 in Armour
   949 | D        | Reached ** piety under Vehumet
   949 | D        | Offered knowledge of Searing Ray by Vehumet.
   989 | D        | Noticed a shadow
   994 | D        | Killed a shadow
   994 | D        | Reached skill level 5 in Fighting
   994 | D        | Reached XP level 8. HP: 49/49 MP: 16/25
  1008 | D        | Learned a level 2 spell: Searing Ray
  1041 | D        | Found a blossoming altar of Fedhas.
  1041 | D        | Found a stormy altar of Qazlal.
  1042 | D        | Found a snail-covered altar of Cheibriados.
  1042 | D        | Found a burning altar of Makhleb.
  1042 | D        | Found a hazy altar of Hepliaklqana.
  1042 | D        | Found a shimmering altar of Xom.
  1042 | D        | Found an opulent altar of Gozag.
  1042 | D        | Found a sparkling altar of Nemelex Xobeh.
  1042 | D        | Found a corrupted altar of Lugonu.
  1042 | D        | Found a viscous altar of Jiyva.
  1055 | D        | Offered knowledge of Ignite Poison by Vehumet.
  1055 | D        | Reached skill level 12 in Spellcasting
  1060 | D        | Learned a level 3 spell: Ignite Poison
  1121 | D        | Noticed Erica
  1126 | D        | Killed Erica
  1126 | D        | Reached skill level 5 in Short Blades
  1228 | D        | Reached *** piety under Vehumet
  1268 | D        | Noticed a centaur warrior
  1271 | D        | Reached XP level 9. HP: 54/54 MP: 18/27
  1275 | D        | Offered knowledge of Force Lance by Vehumet.
  1275 | D        | Reached skill level 13 in Spellcasting
  1276 | D        | Killed a centaur warrior
  1276 | D        | Reached skill level 5 in Poison Magic
  1402 | D        | Noticed an unseen horror
  1408 | D        | Killed an unseen horror
  1408 | D        | Reached **** piety under Vehumet
  1408 | D        | Reached skill level 5 in Air Magic
  1447 | D        | Offered knowledge of Lightning Bolt by Vehumet.
  1450 | D        | Noticed a queen bee
  1450 | D        | Reached skill level 14 in Spellcasting
  1453 | D        | Reached ***** piety under Vehumet
  1466 | D        | Reached ****** piety under Vehumet
  1466 | D        | Reached XP level 10. HP: 24/61 MP: 4/30
  1483 | D        | Slain by a killer bee

Vault maps used:
D:        dungeon_sprint_mu

Skill      XL: |  1  2  3  4  5  6  7  8  9 |
---------------+----------------------------+-----
Fighting       | 1 2 4 5 6 |  6.5
Armour         | 1 2 3 4 5 6 |  6.7
Dodging        | 3 4 5 7 8 9 |  9.9
Spellcasting   | 4 6 7 10 11 12 14 | 14.5
Conjurations   | 2 3 4 6 7 9 |  9.1
Fire Magic     | 4 5 7 8 9 |  9.5
Short Blades   | 3 4 5 6 |  6.8
Air Magic      | 2 4 5 |  5.5
Poison Magic   | 2 4 6 |  6.1
Stealth        | |  2.4

Action                   |  1- 3 |  4- 6 |  7- 9 | 10-12 || total
-------------------------+-------+-------+-------+-------++-------
Melee: Unarmed           |       |     1 |       |       ||     1
       Dagger            |       |       |     7 |       ||     7
 Cast: Flame Tongue      |    16 |     7 |    40 |       ||    63
       Sticky Flame      |       |     4 |     7 |       ||    11
       Conjure Flame     |       |     1 |     4 |       ||     5
       Mephitic Cloud    |       |       |     6 |       ||     6
       Searing Ray       |       |       |     4 |       ||     4
       Ignite Poison     |       |       |     4 |       ||     4
       Fireball          |       |       |     2 |       ||     2
       Inner Flame       |       |       |     4 |       ||     4
  Use: Scroll            |       |     4 |       |       ||     4
       Potion            |       |     1 |       |     2 ||     3
  Eat: Chunk             |       |       |     2 |       ||     2
Armor: Robe              |       |       |     1 |       ||     1
Dodge: Dodged            |     7 |     9 |    17 |    29 ||    62
